 Dungeon Crawl Stone Soup version 0.29.1-15-g9cfb28693d (console) character file.

Game seed: 13944603237819875177

10 sentinel the Digger (level 2, 14/20 HPs)
             Began as a Meteoran Earth Elementalist on Aug 12, 2023.
             Was a Follower of Elyvilon.
             Quit the game on level 1 of the Dungeon.
             The game lasted 00:00:22 (170 turns).

sentinel the Digger (Meteoran Earth Elementalist)    Turns: 170, Time: 00:00:22

Health: 14/20      AC:  2    Str:  9    XL:     2   Next: 47%
Magic:  3/6        EV: 12    Int: 16    God:    Elyvilon [*.....]
Gold:   0          SH:  0    Dex: 14    Spells: 5/6 levels left

rFire   . . .      SeeInvis .   (no weapon)
rCold   . . .      Faith    .   (no shield)
rNeg    . . .      Spirit   .   a - +0 robe
rPois   .          Reflect  .   (no helmet)
rElec   .          Harm     .   (no cloak)
rCorr   .          Rampage  .   (no gloves)
Will    .....                   (no boots)
Stlth   +.........              (no amulet)
HPRegen 0.06/turn               (no ring)
MPRegen 0.10/turn               (no ring)

@: glowing
A: sense surroundings 1, otherworldly, glowing, explore regen
a: Renounce Religion, Purification


You were on level 1 of the Dungeon.
You worshipped Elyvilon.
Elyvilon was aware of your devotion.
You visited 1 branch of the dungeon, and saw 1 of its levels.

Inventory:

Armour
 a - a +0 robe (worn)
Potions
 b - a potion of magic
 c - a potion of degeneration {unknown}
 d - a potion of resistance {unknown}
 e - a potion of attraction {unknown}


   Skills:
 - Level 2.4 Dodging
 - Level 1.4 Stealth
 - Level 2.6 Spellcasting
 - Level 1.2 Transmutations
 + Level 4.4 Earth Magic


You had 5 spell levels left.
You knew the following spells:

 Your Spells              Type           Power      Damage    Failure   Level
a - Sandblast             Erth           32%        2d9       3%          1

Your spell library contained the following spells:

 Spells                   Type           Power      Damage    Failure   Level
 Passwall                 Tmut/Erth      9%         N/A       9%          2
 Stone Arrow              Conj/Erth      18%        3d8       24%         3
 Petrify                  Tmut/Erth      11%        N/A       52%         4


Dungeon Overview and Level Annotations

Branches:
Dungeon (1/15) Zot: 425

Altars:
Elyvilon


Innate Abilities, Weirdness & Mutations

You passively map a small area around you.
You are easily found by Zot.
You glow in the dark.
You regain HP and MP as you explore.


Message History

Unknown command.
No target in view!
No target in view!
You can't see any susceptible monsters within range! (Use Z to cast anyway.) Unknown command.
You can't see any susceptible monsters within range! (Use Z to cast anyway.) Unknown command.
You can't see any susceptible monsters within range! (Use Z to cast anyway.) Unknown command.
You can't see any susceptible monsters within range! (Use Z to cast anyway.) Unknown command.
No target in view!
No target in view!
You can't see any susceptible monsters within range! (Use Z to cast anyway.) Unknown command.
You can't see any susceptible monsters within range! (Use Z to cast anyway.) Unknown command.
You can't see any susceptible monsters within range! (Use Z to cast anyway.) Unknown command.
You can't see any susceptible monsters within range! (Use Z to cast anyway.) Unknown command.
No target in view!
No target in view!
You can't see any susceptible monsters within range! (Use Z to cast anyway.) Unknown command.
You can't see any susceptible monsters within range! (Use Z to cast anyway.) Unknown command.
You can't see any susceptible monsters within range! (Use Z to cast anyway.) Unknown command.
You can't see any susceptible monsters within range! (Use Z to cast anyway.) Unknown command.
c - a fizzy golden potion Unknown command.
Found 19 gold pieces.
Unknown command.
d - a yellow potion Unknown command.
Found a stone staircase leading down.
Unknown command.
A jackal comes into view.
The jackal barks!
A jackal comes into view.
Unknown command.
The blast of sand hits the jackal!
You kill the jackal!
The blast of sand hits the jackal!
You kill the jackal!
Unknown command.
You can't see any susceptible monsters within range! (Use Z to cast anyway.) Unknown command.
You can't see any susceptible monsters within range! (Use Z to cast anyway.) Unknown command.
You can't see any susceptible monsters within range! (Use Z to cast anyway.) Unknown command.
No target in view!
No target in view!
You can't see any susceptible monsters within range! (Use Z to cast anyway.) Unknown command.
You can't see any susceptible monsters within range! (Use Z to cast anyway.) Unknown command.
You can't see any susceptible monsters within range! (Use Z to cast anyway.) Unknown command.
You can't see any susceptible monsters within range! (Use Z to cast anyway.) Unknown command.
No target in view!
No target in view!
You can't see any susceptible monsters within range! (Use Z to cast anyway.) Unknown command.
You can't see any susceptible monsters within range! (Use Z to cast anyway.) Unknown command.
You can't see any susceptible monsters within range! (Use Z to cast anyway.) Unknown command.
You can't see any susceptible monsters within range! (Use Z to cast anyway.) Unknown command.
Magic restored.
Found a sling.
Unknown command.
Found 6 stones.
Unknown command.
A jackal comes into view.
The jackal barks!
A jackal comes into view.
Unknown command.
But you're not safe!
Unknown command.
But you're not safe!
Unknown command.
The blast of sand hits the jackal.
The jackal is severely wounded.
The jackal closely misses you.
The blast of sand hits the jackal!
You kill the jackal!
A rat comes into view.
Your Earth Magic skill increases to level 4!
Unknown command.
The blast of sand hits the jackal!
You kill the jackal!
A jackal comes into view.
You have reached level 2!
Unknown command.
You can't see any susceptible monsters within range! (Use Z to cast anyway.) Unknown command.
You can't see any susceptible monsters within range! (Use Z to cast anyway.) Unknown command.
You can't see any susceptible monsters within range! (Use Z to cast anyway.) Unknown command.
You can't see any susceptible monsters within range! (Use Z to cast anyway.) Unknown command.
You can't see any susceptible monsters within range! (Use Z to cast anyway.) Unknown command.
You see here a jackal corpse.
The blast of sand hits the jackal!
You kill the jackal!
The blast of sand hits the rat!
You kill the rat!
Unknown command.
You are out of magic!
Unknown command.
You are out of magic!
Unknown command.
You are out of magic!
Unknown command.
e - a dark potion Unknown command.
You see here a jackal corpse.
You see here a jackal corpse.
Found 9 stones.
Unknown command.
A kobold comes into view. It is wielding a +0 whip.
Found a faded altar of an unknown god.
The kobold shouts!
Unknown command.
But you're not safe!
Unknown command.
A giant cockroach comes into view.
The kobold hits you with a +0 whip.
The blast of sand hits the kobold!
You kill the kobold!
The blast of sand hits the giant cockroach but does no damage.
The giant cockroach bites you but does no damage.
The giant cockroach bites you.
The blast of sand hits the giant cockroach!
You kill the giant cockroach!
You can't see any susceptible monsters within range! (Use Z to cast anyway.)
There is a faded altar of an unknown god here.
You cannot tell which god this altar belongs to.
Convert to them anyway?
Elyvilon accepts your prayer! Elyvilon welcomes you!
You can now purify yourself.
Are you sure you want to abandon this character and quit the game? (Confirm with "yes".)

######.#.....#.#...............##
.......#.#.#†#.##########......#
########.#........# #......#
#.#.#.####.### #......# *
#.#.#........## #.....>#
#.#.#.....PP..# ###...##
#.#+#...P.♣P..# * ####
#.....P.♣♣....###.
##.....♣.@.........,
+.....P.♣.)....... *
#.....P.♣(.........,,*
#.....PP.........##
####............# ,
####.........# #.........#
#......... ,


There were no monsters in sight!

Vanquished Creatures
  A giant cockroach (D:1)
  5 jackals (D:1)
  A kobold (D:1)
  A rat (D:1)
8 creatures vanquished.

Notes
Turn   | Place    | Note
-------+----------+-------------------------------------------
     0 | D:1      | sentinel the Meteoran Earth Elementalist began the quest
                  | for the Orb.
     0 | D:1      | Reached XP level 1. HP: 14/14 MP: 5/5
   116 | D:1      | Reached skill level 4 in Earth Magic
   117 | D:1      | Reached XP level 2. HP: 20/20 MP: 2/6
   161 | D:1      | Found a faded altar of an unknown god.
   169 | D:1      | Prayed at the altar of an unknown god.
   169 | D:1      | Became a worshipper of Elyvilon the Healer
   169 | D:1      | Reached * piety under Elyvilon
   170 | D:1      | Quit the game

Illustrated notes

Levels and vault maps discovered:
D:1:      amcnicky_arrival_flooded_fountain, layout_basic,
          dreamdust_ecumenical_altar_grove, minmay_surrounded

Skill      XL: |  1 |
---------------+----+-----
Earth Magic    | 4 |  4.4
Dodging        | |  2.4
Stealth        | |  1.4
Spellcasting   | |  2.6
Transmutations | |  1.2

Action                   || total
-------------------------++-------
 Cast: Sandblast         ||    10
Armor: Robe              ||     1
Dodge: Dodged            ||     1
